AoeStats
← TheRattlesnake

Oasis

507563045Analyzed
3v3 RM · 12d ago on Sep 18, 2026· 122m 53s· 6 players
Game mode
Random Map
Map size
Normal (6 player)
Population
200
Speed
Normal
Resources
Standard
Victory
Conquest
Starting age
Dark Age
Ending age
Imperial Age
RankedLock teamsTeams togetherTeam positionsShared explorationLock speedFull tech treeHidden civsTurbo modeCheats
Victory
Defeat
🇬🇧 Dravidians · United Kingdom
1354
+10
🇬🇧 Ethiopians · United Kingdom
1337
+10
🇬🇧 Celts · United Kingdom
889
+28
🇬🇧 Franks · United Kingdom
1198
-16
🇬🇷 Bulgarians · Greece
1195
-16
🇬🇷 Wu · Greece
1189
-16
Mercer
6:23 Loom
9:29 Feudal Age
10:03 Double-Bit Axe
13:24 Fletching
14:02 Horse Collar
22:23 Castle Age
20:37 Padded Archer Armor
21:58 Gold Mining
22:29 Crossbowman
23:04 Bodkin Arrow
23:57 Bow Saw
25:40 Leather Archer Armor
26:47 Ballistics
28:37 Scale Barding Armor
29:39 Husbandry
31:25 Forging
32:34 Wheelbarrow
39:23 Heavy Plow
47:19 Imperial Age
45:58 Hand Cart
48:03 Bracer
47:24 Arbalester
49:10 Chemistry
50:30 Gold Shaft Mining
50:00 Caravan
50:15 Squires
50:16 Scale Mail Armor
51:49 Coinage
52:27 Halberdier
53:24 Chain Mail Armor
53:51 Siege Engineers
54:17 Herbal Medicine
54:40 Torsion Engines
56:44 Conscription
58:15 Banking
58:41 Thumb Ring
59:11 Ring Archer Armor
59:11 Plate Mail Armor
60:17 Iron Casting
64:08 Two-Man Saw
73:25 Royal Heirs
73:46 Chain Barding Armor
74:27 Blast Furnace
79:20 Heavy Camel Rider
80:34 Fortified Wall
85:24 Cavalier
87:39 Masonry
88:46 Onager
90:54 Siege Onager
104:22 Architecture
103:50 Guard Tower
108:10 Keep
121:04 Town Watch
DanielHD
6:25 Loom
9:55 Feudal Age
11:02 Double-Bit Axe
10:59 Horse Collar
20:30 Fletching
24:27 Castle Age
23:28 Padded Archer Armor
24:33 Crossbowman
25:33 Gold Mining
25:40 Bodkin Arrow
30:11 Wheelbarrow
32:32 Leather Archer Armor
37:19 Hand Cart
43:38 Imperial Age
42:42 Bow Saw
42:35 Heavy Plow
42:39 Stone Mining
44:03 Thumb Ring
43:49 Elite Elephant Archer
45:55 Ballistics
46:29 Bracer
47:00 Ring Archer Armor
45:52 Pikeman
48:25 Two-Man Saw
48:28 Chemistry
47:36 Scale Mail Armor
47:46 Forging
46:59 Halberdier
47:41 Squires
47:43 Husbandry
48:14 Town Watch
49:11 Chain Mail Armor
50:02 Iron Casting
50:09 Town Patrol
50:56 Plate Mail Armor
51:59 Blast Furnace
50:51 Arson
50:59 Arson
53:25 Hoardings
56:26 Conscription
56:52 Medical Corps
57:06 Masonry
57:12 Caravan
60:10 Wootz Steel
60:09 Elite Skirmisher
67:12 Arrowslits
73:17 Coinage
74:40 Scale Barding Armor
76:34 Chain Barding Armor
78:13 Banking
77:22 Light Cavalry
82:13 Siege Elephant
96:58 Bombard Tower
103:01 Gambesons
Mustmakemorevillagers
0:44 Loom
12:48 Feudal Age
13:45 Double-Bit Axe
13:42 Horse Collar
19:08 Castle Age
21:13 Pikeman
23:06 Wheelbarrow
22:35 Gold Mining
26:08 Forging
25:58 Scale Mail Armor
33:07 Bow Saw
33:21 Town Watch
39:30 Fletching
41:02 Padded Archer Armor
45:44 Chain Mail Armor
50:29 Heavy Plow
54:37 Imperial Age
55:25 Iron Casting
56:25 Conscription
59:10 Murder Holes
64:08 Halberdier
68:08 Caravan
71:40 Hand Cart
72:43 Elite Woad Raider
77:26 Onager
77:34 Capped Ram
79:30 Ballistics
92:23 Siege Ram
95:41 Man-at-Arms
96:07 Gambesons
97:26 Chemistry
102:02 Long Swordsman
104:41 Two-Handed Swordsman
105:11 Siege Onager
106:37 Champion
TheMamba
7:23 Loom
10:22 Feudal Age
12:02 Double-Bit Axe
15:37 Fletching
15:47 Padded Archer Armor
23:40 Castle Age
24:15 Bodkin Arrow
23:50 Crossbowman
25:59 Bow Saw
32:17 Leather Archer Armor
32:31 Elite Skirmisher
35:55 Ballistics
40:41 Imperial Age
38:48 Wheelbarrow
37:58 Town Watch
39:40 Scale Barding Armor
39:46 Forging
41:45 Chain Barding Armor
42:01 Iron Casting
40:51 Cavalier
41:32 Husbandry
42:03 Hand Cart
43:13 Stone Mining
43:13 Gold Mining
44:14 Plate Barding Armor
43:59 Capped Ram
46:07 Blast Furnace
48:39 Chemistry
51:35 Caravan
55:46 Light Cavalry
57:15 Conscription
57:54 Chivalry
57:54 Paladin
83:30 Coinage
88:40 Masonry
88:36 Siege Engineers
88:46 Fortified Wall
102:45 Banking
118:20 Architecture
118:58 Pikeman
119:38 Squires
119:24 Arson
120:00 Halberdier
122:13 Scale Mail Armor
123:45 Gold Shaft Mining
TheSalamander
7:19 Loom
12:35 Feudal Age
20:01 Fletching
22:27 Padded Archer Armor
26:45 Castle Age
25:07 Gold Mining
25:13 Double-Bit Axe
25:27 Horse Collar
28:07 Gambesons
28:23 Squires
29:02 Forging
28:52 Scale Mail Armor
29:20 Bow Saw
30:05 Wheelbarrow
29:15 Town Watch
32:05 Heavy Plow
32:37 Chain Mail Armor
32:38 Arson
32:49 Pikeman
36:36 Iron Casting
36:01 Town Watch
39:27 Gold Shaft Mining
44:58 Stone Mining
47:53 Imperial Age
46:49 Hand Cart
47:09 Bodkin Arrow
49:40 Plate Mail Armor
49:04 Heavy Scorpion
50:53 Blast Furnace
55:40 Siege Engineers
55:47 Masonry
56:17 Elite Skirmisher
57:29 Ballistics
58:10 Chemistry
57:56 Caravan
59:27 Thumb Ring
61:24 Bagains
61:45 Conscription
66:37 Bracer
67:21 Leather Archer Armor
69:24 Onager
69:41 Capped Ram
71:04 Siege Ram
71:48 Siege Onager
73:26 Architecture
77:07 Stirrups
79:34 Crop Rotation
80:28 Halberdier
101:43 Scale Barding Armor
103:27 Bloodlines
103:17 Husbandry
102:38 Light Cavalry
103:26 Hussar
104:06 Cavalier
105:38 Chain Barding Armor
117:10 Town Patrol
TheRattlesnake
7:14 Loom
10:16 Feudal Age
10:44 Double-Bit Axe
10:42 Horse Collar
13:58 Scale Barding Armor
14:57 Forging
18:11 Wheelbarrow
20:36 Bloodlines
25:12 Castle Age
24:06 Gold Mining
26:16 Chain Barding Armor
25:18 Light Cavalry
25:58 Husbandry
26:35 Iron Casting
26:45 Bow Saw
28:42 Heavy Plow
38:50 Hand Cart
38:20 Town Watch
39:22 Fervor
45:57 Imperial Age
46:06 Ballistics
46:18 Town Patrol
46:20 Scale Mail Armor
46:00 Heavy Hei Guang Cavalry
46:02 Hussar
47:18 Plate Barding Armor
47:43 Blast Furnace
46:50 Man-at-Arms
47:30 Squires
47:16 Arson
47:48 Chain Mail Armor
47:38 Long Swordsman
50:36 Two-Handed Swordsman
51:47 Plate Mail Armor
52:32 Gold Shaft Mining
51:47 Stone Mining
52:30 Sitting Tiger
53:14 Conscription
53:20 Caravan
53:48 Champion
57:28 Chemistry
56:09 Treadmill Crane
56:39 Masonry
79:05 Coinage
78:46 Guilds
87:27 Fletching
87:27 Pikeman
88:21 Bodkin Arrow
88:59 Architecture
88:04 Halberdier
100:55 Bracer
101:34 Murder Holes
105:41 Guard Tower
107:29 Keep
Connection lost

Rejoining the realm…

Still unreachable

The connection could not be restored.

Session expired

The server has moved on; the page needs a fresh start.